 Dungeon Crawl Stone Soup version 0.23-b1-67-g8bd44de (webtiles) character file.

Game seed: 1120749184660240050

664163 dvd the Conqueror (level 27, -31/245 HPs)
             Began as a Minotaur Fighter on Feb 1, 2019.
             Was the Champion of Makhleb.
             Blown up by a lich (88 damage)
             ... with an orb of destruction
             ... on level 5 of the Abyss on Feb 5, 2019.
             The game lasted 04:44:24 (59403 turns).

dvd the Conqueror (Minotaur Fighter)               Turns: 59403, Time: 04:44:28

Health: -31/245    AC: 29    Str: 28    XL:     27
Magic:  40/40      EV: 20    Int: 12    God:    Makhleb [******]
Gold:   8556       SH: 25    Dex: 24    Spells: 29/39 levels left

rFire    + . .     SeeInvis +   a - +9 broad axe (flame)
rCold    + . .     Gourm    .   L - +5 shield {reflect}
rNeg     + . .     Faith    .   H - +8 chain mail {rC+}
rPois    +         Spirit   .   E - +3 crown of Dyrovepreva {rElec Int+2 SInv}
rElec    +         Reflect  +   i - scarf {cloud immunity}
rCorr    .         Harm     .   R - +1 pair of gloves "Qishrauw" {+Blink rF- Dex+7}
MR       +++++     Clarity  +   z - +0 pair of boots "Ilyrr" {+Blink Str+2}
Stlth    ..........             Q - amulet of the Four Winds {rN+ MR+++ Clar}
HPRegen  0.50/turn              y - ring of Reat Vaceon {rElec rF+ Str+2 Int+4 Dex-2}
MPRegen  0.27/turn              G - ring "Ulinnatt" {rPois rF+ MP+9 SInv}

@: no status effects
A: retaliatory headbutt, horns 2, frail 1, magic resistance 1
}: 4/15 runes: barnacled, slimy, silver, gossamer
a: Minor Destruction, Lesser Servant of Makhleb, Major Destruction, Greater
Servant of Makhleb, Renounce Religion, Evoke Blink


You were on level 5 of the Abyss.
You worshipped Makhleb.
Makhleb was exalted by your worship.
You were hungry.

You visited 10 branches of the dungeon, and saw 52 of its levels.
You visited the Abyss 1 time.
You also visited: Ossuary, Bailey, Ice Cave, Wizlab and Desolation.

You collected 9623 gold pieces.
You spent 1067 gold pieces at shops.

Inventory:

Hand Weapons
 a - a +9 broad axe of flaming (weapon)
 b - the +9 hand crossbow "Tucis" {velocity, rF++}
   (You found it on level 6 of the Lair of Beasts)

   Any bolt fired from it inflicts extra damage.
   It greatly protects you from fire.
 c - the +8 autumn katana {slice, Clar}
   (You found it in an ice cave)

   It inflicts extra damage upon your enemies.
   It protects you against confusion.
 r - a +6 broad axe of chaos
 N - the +10 morningstar of the Enemy {flame, rPois Str+4 Stlth+}
   (You found it on level 4 of the Depths)

   It has been specially enchanted to burn those struck by it, causing extra
   injury to most foes and up to half again as much damage against particularly
   susceptible opponents.
   It affects your strength (+4).
   It protects you from poison.
   It makes you more stealthy.
Missiles
 l - 2282 bolts
 u - 42 javelins of penetration (quivered)
Armour
 e - a scarf of resistance
 i - a scarf of cloud immunity (worn)
 z - the +0 pair of boots "Ilyrr" (worn) {+Blink Str+2}
   (You found it on level 1 of the Lair of Beasts)

   It affects your strength (+2).
   It lets you blink.
 E - the +3 crown of Dyrovepreva (worn) {rElec Int+2 SInv}
   (You found it on level 5 of the Pits of Slime)

   It affects your intelligence (+2).
   It insulates you from electricity.
   It lets you see invisible.
 H - a +8 chain mail of cold resistance (worn)
 L - a +5 shield of reflection (worn)
 R - the +1 pair of gloves "Qishrauw" (worn) {+Blink rF- Dex+7}
   (You found it on level 9 of the Dungeon)

   It affects your dexterity (+7).
   It makes you vulnerable to fire.
   It lets you blink.
 U - a +2 pair of gloves of archery
Jewellery
 k - the ring "Kygg" {+Fly MR+ MP+9 Slay+2}
   (You found it in a bailey)

   [ring of flight]

   It affects your accuracy and damage with ranged weapons and melee attacks
   (+2).
   It affects your resistance to hostile enchantments.
   It affects your magic capacity (+9).
   It lets you fly.
 y - the ring of Reat Vaceon (left hand) {rElec rF+ Str+2 Int+4 Dex-2}
   (You took it off a deep elf annihilator on level 3 of the Depths)

   [ring of protection from fire]

   It affects your strength (+2).
   It affects your intelligence (+4).
   It affects your dexterity (-2).
   It protects you from fire.
   It insulates you from electricity.
 G - the ring "Ulinnatt" (right hand) {rPois rF+ MP+9 SInv}
   (You bought it in a shop on level 9 of the Dungeon)

   [ring of see invisible]

   It protects you from fire.
   It protects you from poison.
   It affects your magic capacity (+9).
   It lets you see invisible.
 Q - the amulet of the Four Winds (around neck) {rN+ MR+++ Clar}
   (You found it on level 3 of the Elven Halls)

   [amulet of nothing]

   It protects you from negative energy.
   It affects your resistance to hostile enchantments.
   It protects you against confusion.
 S - the ring of Dithmenos's Hope {rCorr MR+}
   (You found it on level 3 of the Depths)

   [ring of resist corrosion]

   It affects your resistance to hostile enchantments.
Wands
 p - a wand of clouds (21)
 s - a wand of iceblast (49)
 t - a wand of disintegration (16)
 I - a wand of scattershot (12)
 M - a wand of digging (6)
 T - a wand of acid (31)
 Y - a wand of flame (40)
Scrolls
 d - a scroll of holy word
 h - 26 scrolls of teleportation
 n - 30 scrolls of remove curse
 o - 22 scrolls of identify
 B - 9 scrolls of magic mapping
 C - 3 scrolls of summoning
 D - 5 scrolls of blinking
 Z - 4 scrolls of fear
Potions
 g - 5 potions of ambrosia
 j - 6 potions of haste
 m - 20 potions of curing
 q - 4 potions of resistance
 v - 4 potions of agility
 w - 8 potions of heal wounds
 A - 4 potions of berserk rage
 K - 2 potions of magic
 O - 8 potions of mutation
 P - 3 potions of invisibility
 V - 2 potions of cancellation
 X - 2 potions of flight
Comestibles
 f - 73 rations


   Skills:
 O Level 27 Fighting
   Level 9.8(12.5) Short Blades
 + Level 13.8(15.0) Long Blades
 + Level 22.0 Axes
 + Level 13.9 Crossbows
 + Level 7.1 Throwing
 + Level 17.4 Armour
 * Level 13.1 Dodging
 + Level 4.4 Stealth
 + Level 25.6 Shields
 * Level 6.6 Spellcasting
 + Level 6.2 Charms
 * Level 4.7 Summonings
 + Level 7.0 Necromancy
 + Level 4.2 Translocations
 * Level 4.0 Invocations
 + Level 3.0 Evocations


You had 29 spell levels left.
You knew the following spells:

 Your Spells              Type           Power        Failure   Level  Hunger
a - Regeneration          Chrm/Necr      ###.......   11%         3    ###....
b - Apportation           Tloc           ##....       10%         1    None
c - Infusion              Chrm           ###.         4%          1    None
d - Aura of Abjuration    Summ           ###.......   91%         5    ######.

Your spell library contained the following spells:

 Spells                   Type           Power        Failure   Level  Hunger
 Animate Skeleton         Necr           N/A          3%          1    None
 Pain                     Necr           ###.         3%          1    None
 Corpse Rot               Necr           N/A          4%          2    ##.....
 Sublimation of Blood     Necr           ###.......   4%          2    ##.....
 Song of Slaying          Chrm           ###.....     6%          2    ##.....
 Summon Butterflies       Summ           ###.....     8%          1    None
 Summon Small Mammal      Summ           ###.         8%          1    None
 Vampiric Draining        Necr           ###.......   9%          3    ###....
 Shroud of Golubria       Chrm/Tloc      ###.......   10%         2    ##.....
 Swiftness                Chrm/Air       ##......     22%         2    ##.....
 Call Canine Familiar     Summ           ###.....     22%         3    ###....
 Recall                   Summ/Tloc      N/A          26%         3    ###....
 Gell's Gravitas          Tloc           ##........   28%         3    ###....
 Animate Dead             Necr           N/A          28%         4    ####...
 Ozocubu's Armour         Chrm/Ice       ##......     41%         3    ###....
 Spectral Weapon          Hex/Chrm       ##......     41%         3    ###....
 Beastly Appendage        Tmut           #.....       47%         1    None
 Confusing Touch          Hex            #.....       47%         1    None
 Flame Tongue             Conj/Fire      #....        47%         1    None
 Freeze                   Ice            #...         47%         1    None
 Magic Dart               Conj           #...         47%         1    None
 Shock                    Conj/Air       #...         47%         1    None
 Ensorcelled Hibernation  Hex/Ice        #.....       63%         2    ##.....
 Passwall                 Tmut/Erth      #.......     63%         2    ##.....
 Poisonous Vapours        Pois/Air       #.....       63%         2    ##.....
 Searing Ray              Conj           #.....       63%         2    ##.....
 Sticks to Snakes         Tmut           #.......     63%         2    ##.....
 Throw Flame              Conj/Fire      #.....       63%         2    ##.....
 Throw Frost              Conj/Ice       #.....       63%         2    ##.....
 Agony                    Necr           ###.....     63%         5    ######.
 Dispel Undead            Necr           ###.....     63%         5    ######.
 Passage of Golubria      Tloc           N/A          67%         4    ####...
 Excruciating Wounds      Chrm/Necr      ###.......   67%         5    ######.
 Confuse                  Hex            #.......     85%         3    ###....
 Conjure Flame            Conj/Fire      #.......     85%         3    ###....
 Dazzling Spray           Conj/Hex       #.....       85%         3    ###....
 Inner Flame              Hex/Fire       #.......     85%         3    ###....
 Mephitic Cloud           Conj/Pois/Air  #.......     85%         3    ###....
 Spider Form              Tmut/Pois      #.........   85%         3    ###....
 Static Discharge         Conj/Air       #.......     85%         3    ###....
 Summon Ice Beast         Ice/Summ       #.......     89%         4    ####...
 Summon Lightning Spire   Summ/Air       #.......     89%         4    ####...
 Force Lance              Conj/Tloc      #.......     91%         4    ####...
 Summon Demon             Summ           ###.......   91%         5    ######.
 Summon Forest            Summ/Tloc      ##........   93%         5    ######.
 Bolt of Draining         Conj/Necr      ##........   98%         5    ######.
 Borgnjor's Vile Clutch   Necr/Erth      ##........   98%         5    ######.
 Cause Fear               Hex            #.........   99%         4    ####...
 Fulminant Prism          Conj/Hex       #.........   99%         4    ####...
 Ice Form                 Ice/Tmut       #.......     99%         4    ####...
 Iskenderun's Mystic Bla  Conj           #.......     99%         4    ####...
 Leda's Liquefaction      Hex/Erth       #.........   99%         4    ####...
 Petrify                  Tmut/Erth      #.......     99%         4    ####...
 Sticky Flame             Conj/Fire      #.......     99%         4    ####...
 Throw Icicle             Conj/Ice       #.......     99%         4    ####...
 Iskenderun's Battlesphe  Conj/Chrm      ##......     99%         5    ######.
 Summon Mana Viper        Hex/Summ       #.......     99%         5    ######.
 Death Channel            Necr           ###.......   99%         6    #######
 Blade Hands              Tmut           #.........   100%        5    ######.
 Bolt of Magma            Conj/Fire/Erth #.........   100%        5    ######.
 Fireball                 Conj/Fire      #.........   100%        5    ######.
 Irradiate                Conj/Tmut      #.........   100%        5    ######.
 Lee's Rapid Deconstruct  Erth           #.........   100%        5    ######.
 Lightning Bolt           Conj/Air       #.........   100%        5    ######.
 Metabolic Englaciation   Hex/Ice        #.........   100%        5    ######.
 Silence                  Hex/Air        #.........   100%        5    ######.
 Venom Bolt               Conj/Pois      #.........   100%        5    ######.
 Yara's Violent Unravell  Hex/Tmut       #.........   100%        5    ######.
 Bolt of Fire             Conj/Fire      #.........   100%        6    #######
 Conjure Ball Lightning   Conj/Air       #.........   100%        6    #######
 Darkness                 Hex            #.........   100%        6    #######
 Deflect Missiles         Chrm/Air       ##........   100%        6    #######
 Freezing Cloud           Conj/Ice/Air   #.........   100%        6    #######
 Invisibility             Hex            #.......     100%        6    #######
 Iron Shot                Conj/Erth      #.........   100%        6    #######
 Shadow Creatures         Summ           N/A          100%        6    #######
 Simulacrum               Ice/Necr       ##........   100%        6    #######
 Statue Form              Tmut/Erth      #........    100%        6    #######
 Dragon Form              Tmut           #.........   100%        7    #######
 Orb of Destruction       Conj           #.........   100%        7    #######
 Ring of Flames           Chrm/Fire      ##........   100%        7    #######
 Spellforged Servitor     Conj/Summ      #.........   100%        7    #######
 Summon Hydra             Summ           ###.......   100%        7    #######
 Controlled Blink         Tloc           N/A          100%        8    #######
 Discord                  Hex            #.........   100%        8    #######
 Disjunction              Tloc           ##........   100%        8    #######
 Ignition                 Fire           #.........   100%        8    #######
 Dragon's Call            Summ           ###.......   100%        9    #######
 Shatter                  Erth           #.........   100%        9    #######
 Tornado                  Air            #.........   100%        9    #######


Dungeon Overview and Level Annotations

Branches:
Dungeon (15/15)            Temple (0/1) D:4            Lair (6/6) D:9
 Shoals (4/4) Lair:3       Spider (4/4) Lair:3        Slime (5/5) Lair:6
    Orc (2/2) D:12            Elf (3/3) Orc:2        Vaults (5/5) D:14
  Crypt (3/3) Vaults:3       Tomb (0/3) Crypt:3      Depths (5/5) D:15
    Zot (0/5) Depths:5

Altars:
Cheibriados
Elyvilon
Fedhas
Gozag
Hepliaklqana
Kikubaaqudgha
Makhleb
Nemelex Xobeh
Okawaru
Qazlal
Ru
Trog
Uskayaw
Xom
Zin
Beogh
Jiyva
Lugonu

Shops:
D:9 =   D:15 ?   Orc:2 :%=(   Elf:3 !   Shoals:1 !   Vaults:1 }   Depths:3 =:(
Depths:4 ==}

Portals:
Hell: Depths:1 Depths:2 Depths:3 Depths:4 Depths:5
Abyss: Depths:1 Depths:2 Depths:4
Pandemonium: Depths:3 Depths:4
Ziggurat: Depths:1
Trove: Depths:2 (give +6 demon blade)

Annotations:
Vaults:3 2 runed translucent doors, MackTheFife's ghost, veteran HOGl; Turgon's ghost, adept DrMo


Innate Abilities, Weirdness & Mutations

You reflexively headbutt those who attack you in melee.
You have a pair of horns on your head.
You are frail. (-10% HP)
You are resistant to hostile enchantments. (MR+)


Message History

Makhleb accepts your kill.
You feel better.
You slash the smoke demon! You burn the smoke demon.
You block the thrashing horror's attack.
The thrashing horror tramples you but does no damage.
The thrashing horror closely misses you.
You block the thrashing horror's attack.
The smoke demon gestures at you. The ball of steam hits you. You resist.
* * * LOW HITPOINT WARNING * * *
A raiju comes into view.
You block the smoke demon's attack.
The smoke demon hits you but does no damage. x2
The raiju barks!
You slash the smoke demon!
The smoke demon is almost dead.
You slash the smoke demon! You barely miss the thrashing horror.
You block the thrashing horror's attack.
The thrashing horror tramples you but does no damage.
The orb of destruction hits you!!!!
You die...

..≈≈ . .≈ .#.. ≈≈
#.#...≈≈
.#.##.###..#..≈♣ #
...☼..........≈≈#
...§......°.°.##. #
..........☼°...... ...
.........§☼..#.# . ...
.......X.§....#.##.. .
. ....○○X☼@.∩....#
......#.
..°...33†2...#h.. . .
..°..°°...§...# ..#..
..°...2..°..4.# ...
... ....X.......°.h...
. . ..
§..........°.3........
§...°°.............
....
§...○.°.°.....#... .
.°°... ....°..#...# .
.


You could see 2 thrashing horrors, a large abomination, 3 smoke demons, a
hellion, a tormentor, 2 raiju and a chaos spawn.

Vanquished Creatures
  the Royal Jelly (Slime:5)
  3 ancient liches
  Mara (Vaults:2)
  A juggernaut (Depths:5)
  Boris (twice) (Vaults:2 Crypt:2)
  Xtahua (Depths:3)
  A caustic shrike (Depths:3)
  A profane servitor (Abyss:5)
  The ghost of strongu the Unseen, an adept OpFi of Gozag (Depths:1)
  3 bone dragons
  7 liches
  Rupert (Spider:1)
  The ghost of agentgt the Covert, an adept HuVM of Kikubaaqudgha (Elf:1)
  3 tentacled monstrosities (Vaults:5)
  8 titans (Vaults:5)
  3 deep elf blademasters (Elf:3)
  Gastronok (Lair:3)
  3 tentacled starspawn
  A kraken (Shoals:2)
  8 ancient champions
  22 acid blobs
  3 sphinxes
  Agnes (Spider:1)
  8 tengu reavers
  2 storm dragons (Vaults:5)
  Kirke (Spider:1)
  3 shadow dragons
  4 revenants
  14 azure jellies
  8 fire giants
  Roxanne (Elf:3)
  2 iron dragons
  13 deep elf sorcerers
  An imperial myrmidon (Desolation)
  5 emperor scorpions
  7 frost giants
  4 curse skulls
  5 ghost moths
  8 deep elf elementalists
  3 ghouls
  An orc warlord (Orc:2)
  14 vault wardens
  2 draconian stormcallers (Depths:5)
  14 ironheart preservers
  23 very ugly things
  25 stone giants
  8 vampire knights
  A reaper (Crypt:3)
  2 war gargoyles (Vaults:5)
  11 deep elf demonologists
  A lorocyproca (Abyss:5)
  11 large abominations
  Azrael (Spider:1)
  6 entropy weavers
  A minotaur (shapeshifter) (Vaults:5)
  2 black draconians (Depths:5)
  2 halazid warlocks (Desolation)
  5 deep elf annihilators
  3 yellow draconians (Depths:5)
  5 dire elephants (Depths:4)
  4 eidola
  11 spark wasps
  The ghost of Kairos the Basher, a journeyman VSFi of Okawaru (Shoals:2)
  An orange crystal statue (WizLab)
  A white draconian (Depths:5)
  3 crystal guardians (Desolation)
  16 ettins
  9 merfolk javelineers
  6 deep elf death magi
  6 death oozes (Slime:5)
  6 fire dragons
  9 jiangshi
  19 yaktaur captains
  12 ice dragons
  11 deep elf high priests
  6 great orbs of eyes
  13 merfolk impalers
  8 ragged hierophants (Desolation)
  30 vault guards
  2 catoblepae
  6 rakshasas
  A hell beast (Depths:2)
  9 peacekeepers
  6 hydras
  Harold (D:9)
  A quicksilver dragon skeleton (Crypt:3)
  Fannar (D:11)
  A caustic shrike simulacrum (Depths:2)
  Erolcha (D:9)
  2 spriggan air magi (Depths:2)
  6 centaur warriors
  An anaconda (shapeshifter) (Depths:3)
  5 servants of whispers (Desolation)
  2 alligator snapping turtles
  24 dancing weapons
  3 death knights
  17 ogre magi
  2 merfolk aquamancers
  3 merfolk avatars
  6 tengu warriors
  73 two-headed ogres
  3 deep troll earth magi
  4 orc high priests (Orc:2)
  Erica (D:8)
  6 vampire magi
  2 spriggan berserkers
  5 deep troll shamans
  3 soul eaters
  2 titan zombies
  A sun demon (Depths:2)
  17 hell knights
  8 thrashing horrors
  12 small abominations
  22 deep elf knights
  2 wretched stars (Abyss:5)
  2 storm dragon skeletons
  7 iron trolls
  6 shadow wraiths
  A deep troll (shapeshifter) (Elf:3)
  A spatial maelstrom (Abyss:1)
  A sea snake (shapeshifter) (Vaults:5)
  45 skeletal warriors
  9 sea snakes
  An unseen horror (shapeshifter) (Vaults:4)
  10 unseen horrors
  6 flayed ghosts
  9 glowing orange brains
  5 wizards
  A shadow demon (Abyss:5)
  Pikel (D:8)
  A lindwurm (Lair:6)
  2 lindwurms (shapeshifter)
  35 deep trolls
  A death drake (shapeshifter) (D:15)
  13 deep elf archers
  A kraken simulacrum (Shoals:4)
  19 orc knights
  A swamp dragon (shapeshifter) (Vaults:3)
  A harpy (shapeshifter) (Vaults:3)
  An anaconda skeleton (Crypt:3)
  15 harpies
  12 phantasmal warriors
  14 ironbrand convokers
  18 orb spiders
  5 necromancers
  4 oklob plants (Lair:4)
  3 shining eyes
  23 ugly things
  64 deep elf magi
  4 orc sorcerers
  36 wolf spiders
  A cyclops (shapeshifter) (Vaults:5)
  2 orb spiders (shapeshifter)
  A shadow dragon skeleton (Crypt:2)
  A fire giant zombie (Depths:1)
  13 cyclopes
  12 manticores
  A shining eye (shapeshifter) (Vaults:5)
  A salamander (Depths:1)
  A salamander (shapeshifter) (D:13)
  A sphinx skeleton (Depths:1)
  3 worldbinders
  4 moths of wrath
  An eye of devastation (shapeshifter) (Vaults:5)
  7 elephants
  10 vault sentinels
  3 merfolk sirens
  A smoke demon (Abyss:5)
  4 water nymphs
  An elephant (shapeshifter) (Vaults:5)
  A rust devil (Depths:2)
  2 ice statues (IceCv)
  A torpor snail (Spider:2)
  A black mamba (Lair:2)
  A stone giant skeleton (Crypt:2)
  A molten gargoyle (Desolation)
  3 eyes of devastation
  2 gargoyles
  2 guardian serpents (Desolation)
  6 rime drakes
  A black draconian zombie (Crypt:3)
  A spiny frog (shapeshifter) (Depths:4)
  12 spiny frogs
  12 demonic crawlers
  An efreet (Abyss:1)
  5 kobold demonologists
  An entropy weaver simulacrum (Vaults:3)
  A hellion (Abyss:5)
  5 guardian mummies (Crypt:3)
  62 yaktaurs
  A sea snake zombie (Crypt:1)
  11 freezing wraiths
  21 komodo dragons
  3 ancient zymes
  26 merfolk
  A yaktaur (shapeshifter) (Vaults:3)
  A green draconian skeleton (Crypt:2)
  A jumping spider (shapeshifter) (Vaults:2)
  47 jumping spiders
  5 tengu conjurers
  A golden dragon simulacrum (Depths:1)
  16 trolls
  A meliai (shapeshifter) (Lair:6)
  2 trolls (shapeshifter)
  A polar bear (shapeshifter) (Depths:3)
  12 polar bears
  9 wind drakes
  A hippogriff (shapeshifter) (Vaults:1)
  2 hornets (shapeshifter)
  20 hornets
  2 death drake skeletons (Crypt:3)
  An ettin zombie (Crypt:3)
  An ice dragon zombie (Depths:1)
  9 snapping turtles
  16 blink frogs (Lair:6)
  A bog body (Crypt:2)
  13 raiju
  67 slime creatures
  17 dream sheep
  3 hippogriffs
  A raiju (shapeshifter) (Vaults:1)
  A slime creature (shapeshifter) (Vaults:5)
  A frost giant simulacrum (Vaults:1)
  52 saltlings (Desolation)
  22 flying skulls
  A centaur simulacrum (D:14)
  72 redbacks
  An ettin skeleton (Crypt:3)
  6 air elementals
  An alligator skeleton (Crypt:2)
  17 water elementals
  4 ynoxinuls
  A shapeshifter (Abyss:5)
  3 wyverns
  6 shadows
  A fire dragon skeleton (Crypt:3)
  A hog (Spider:1)
  27 tarantellas
  3 vampires
  9 wraiths
  A fire bat (Abyss:1)
  29 yaks
  5 fire elementals
  5 golden eyes (Slime:5)
  A neqoxec (Abyss:5)
  Grum (D:8)
  A yaktaur simulacrum (Vaults:2)
  3 vampire mosquitoes
  3 hungry ghosts
  2 chaos spawn
  A spatial vortex (Abyss:1)
  6 wargs
  3 acid dragons
  3 hell hounds (Spider:1)
  4 insubstantial wisps (Abyss:5)
  A soldier ant (D:11)
  9 porcupines
  A hydra simulacrum (Crypt:3)
  8 water moccasins
  A floating eye (Slime:5)
  12 ice beasts
  5 sky beasts
  2 spiny frog skeletons
  2 phantoms
  A water nymph skeleton (Crypt:2)
  15 black bears
  59 orc warriors
  A slave (D:8)
  A manticore zombie (Crypt:1)
  2 necrophages
  5 eyes of draining
  5 boggarts
  52 ogres
  13 wolves
  16 centaurs
  8 crocodiles
  A torpor snail zombie (Crypt:3)
  A gnoll sergeant (D:9)
  9 big kobolds
  22 bullfrogs
  A wyvern zombie (D:12)
  An earth elemental (Elf:1)
  A glowing shapeshifter simulacrum (Vaults:2)
  A spriggan zombie (Crypt:1)
  2 wyvern skeletons
  15 scorpions
  A shapeshifter zombie (Crypt:1)
  A polar bear skeleton (Crypt:2)
  2 human simulacra (Vaults:2)
  32 killer bees
  13 wights
  A yak skeleton (Crypt:2)
  4 howler monkeys
  9 crimson imps
  3 bullfrog zombies
  4 centaur zombies
  11 starcursed masses
  42 orc priests
  2 hounds (D:5)
  26 orc wizards
  A black bear skeleton (Crypt:1)
  5 bullfrog skeletons
  6 centaur skeletons
  A gnoll shaman (D:9)
  An iron imp (Depths:4)
  2 human zombies (Ossuary)
  10 worker ants
  7 iguanas
  4 hell rats (Lair:6)
  A dwarf zombie (Crypt:3)
  3 big kobold zombies (Ossuary)
  4 hound skeletons
  11 mummies
  21 gnolls
  20 adders
  A howler monkey skeleton (D:7)
  3 scorpion zombies (Ossuary)
  6 shadow imps
  A white imp (Abyss:1)
  An ooze (D:1)
  2 adder zombies
  A dart slug (D:3)
  7 leopard geckos
  134 orcs
  5 ball pythons
  7 giant cockroaches
  8 goblins
  8 hobgoblins
  10 jackals
  51 kobolds
  5 quokkas
  A ball python zombie (Crypt:3)
  3 bats (D:1)
  6 frilled lizards
  A frilled lizard skeleton (Crypt:1)
  3 gnoll zombies (Ossuary)
  5 goblin zombies (Ossuary)
  4 hobgoblin zombies
  A jackal skeleton (D:7)
  2 kobold zombies (Ossuary)
  A leopard gecko skeleton (D:5)
  An orc zombie (Ossuary)
  A quokka zombie (D:5)
  8 rats
  13 plants
  6 starspawn tentacles (Abyss:1)
  3 tentacles (Shoals:2)
2744 creatures vanquished.

Vanquished Creatures (collateral kills)
  2 slime creatures (D:8)
  A water moccasin (Lair:4)
  A wolf (Lair:6)
  A bullfrog (Lair:4)
5 creatures vanquished.

Vanquished Creatures (others)
  2 deep elf master archers (Elf:3)
  A vault warden (Vaults:2)
  2 war gargoyles (Vaults:5)
  4 stone giants
  A ragged hierophant (Desolation)
  3 merfolk javelineers (Shoals:4)
  3 yaktaur captains
  2 vault guards (Vaults:5)
  3 centaur warriors
  A tengu warrior (Depths:4)
  7 deep elf archers
  A deep elf mage (Elf:1)
  5 cyclopes
  A manticore (D:14)
  A vault sentinel (Vaults:3)
  16 yaktaurs
  A merfolk (Shoals:1)
  A water elemental (Depths:3)
  2 humans (Spider:1)
  2 slaves (D:8)
  7 centaurs
  An orc (Orc:1)
  A fungus (Lair:6)
  10 plants
  5 starspawn tentacles
  6 tentacles
89 creatures vanquished.

Grand Total: 2838 creatures vanquished

Notes
Turn   | Place    | Note
-------+----------+-------------------------------------------
     0 | D:1      | dvd the Minotaur Fighter began the quest for the Orb.
     0 | D:1      | Reached XP level 1. HP: 19/19 MP: 0/0
    59 | D:1      | Reached XP level 2. HP: 27/27 MP: 1/1
   471 | D:2      | Found a bloodstained altar of Trog.
   479 | D:2      | Became a worshipper of Trog the Wrathful
   500 | D:2      | Noticed a +0 dagger
   510 | D:2      | Noticed a +0 hand axe
   514 | D:2      | Found a hide-covered altar of Uskayaw.
   531 | D:2      | Reached XP level 3. HP: 33/33 MP: 2/2
   655 | D:2      | Found a glowing silver altar of Zin.
   946 | D:3      | Reached skill level 4 in Fighting
  1016 | D:3      | Reached XP level 4. HP: 24/40 MP: 3/3
  1273 | D:3      | Reached * piety under Trog
  1493 | D:3      | Found a blossoming altar of Fedhas.
  2005 | D:4      | Reached XP level 5. HP: 19/46 MP: 4/4
  2376 | D:4      | Found a stormy altar of Qazlal.
  2520 | D:4      | Found a staircase to the Ecumenical Temple.
  2571 | D:4      | Noticed an ogre
  2578 | D:4      | Killed an ogre
  2578 | D:4      | Reached skill level 5 in Axes
  2578 | D:4      | Reached skill level 5 in Armour
  2578 | D:4      | Reached skill level 1 in Dodging
  2578 | D:4      | Reached XP level 6. HP: 42/52 MP: 5/5
  2579 | D:4      | Reached skill level 5 in Shields
  3245 | D:5      | Entered Level 5 of the Dungeon
  3478 | D:5      | Reached XP level 7. HP: 49/60 MP: 6/6
  3690 | D:5      | Got an encrusted short sword
  3710 | D:5      | Identified the +5 short sword "Ciufenk" {drain, Int+4} (You
                  | found it on level 5 of the Dungeon)
  3748 | D:5      | Reached ** piety under Trog
  4188 | D:5      | Found an opulent altar of Gozag.
  4343 | D:5      | Found a burning altar of Makhleb.
  4347 | D:5      | Reached skill level 5 in Fighting
  4506 | D:6      | Found a shimmering altar of Xom.
  4557 | D:6      | Reached XP level 8. HP: 48/68 MP: 7/7
  5310 | D:7      | Reached *** piety under Trog
  5318 | D:7      | Reached skill level 6 in Fighting
  5347 | D:7      | Reached XP level 9. HP: 70/78 MP: 8/8
  5414 | D:7      | Found a sacrificial altar of Ru.
  5502 | D:7      | Found a hazy altar of Hepliaklqana.
  5578 | D:7      | Found a sand-covered staircase.
  5586 | Ossuary  | Entered an ossuary
  5682 | Ossuary  | Reached **** piety under Trog
  5821 | Ossuary  | Reached skill level 7 in Fighting
  6079 | D:7      | Found a blossoming altar of Fedhas.
  6127 | D:7      | Reached skill level 10 in Axes
  6624 | D:8      | Noticed Pikel
  6627 | D:8      | Paralysed by Pikel for 5 turns
  6636 | D:8      | Killed Pikel
  6772 | D:8      | Reached XP level 10. HP: 88/88 MP: 9/9
  6774 | D:8      | Reached ***** piety under Trog
  6803 | D:8      | Reached skill level 8 in Fighting
  6982 | D:8      | Noticed Grum
  6991 | D:8      | Killed Grum
  7633 | D:8      | Noticed Erica
  7650 | D:8      | Killed Erica
  7650 | D:8      | Reached skill level 10 in Shields
  8295 | D:8      | Noticed a two-headed ogre
  8300 | D:8      | Killed a two-headed ogre
  8300 | D:8      | Reached skill level 1 in Long Blades
  8363 | D:9      | Noticed Harold
  8381 | D:9      | Killed Harold
  8381 | D:9      | Reached skill level 9 in Fighting
  8448 | D:9      | Reached XP level 11. HP: 84/97 MP: 10/10
  8563 | D:9      | Noticed Erolcha
  8577 | D:9      | Killed Erolcha
  8623 | D:9      | Found a flagged portal.
  8636 | Bailey   | Entered a bailey
  8644 | Bailey   | Got the ring "Kygg" {+Fly}
  8646 | Bailey   | Identified the ring "Kygg" {+Fly MR+ MP+9 Slay+2} (You
                  | found it in a bailey)
  8790 | Bailey   | Received a gift from Trog
  9237 | D:9      | Found Nafeid's Jewellery Emporium.
  9244 | D:9      | Bought the ring "Ulinnatt" {rPois rF+ MP+9 SInv} for 677
                  | gold pieces
  9291 | D:9      | Found a staircase to the Lair.
  9311 | D:9      | Reached skill level 1 in Throwing
  9790 | D:9      | Noticed a two-headed ogre
  9796 | D:9      | Killed a two-headed ogre
  9827 | D:9      | Got a pair of faintly humming gloves
  9838 | D:9      | Identified the +1 pair of gloves "Qishrauw" {+Blink rF-
                  | Dex+7} (You found it on level 9 of the Dungeon)
 10009 | D:9      | Identified a scroll of acquirement
 10093 | D:9      | Gained mutation: You are occasionally teleported next to
                  | monsters. [potion of mutation]
 10093 | D:9      | Gained mutation: You have sharp toenails. [potion of
                  | mutation]
 10093 | D:9      | Gained mutation: Scrolls take you a little longer to read.
                  | [potion of mutation]
 10093 | D:9      | Gained mutation: Your mind is acute. (Int +2) [potion of
                  | mutation]
 10371 | D:10     | Entered Level 10 of the Dungeon
 10421 | D:10     | Got a bloodstained short sword
 10422 | D:10     | Identified the +6 short sword of the Depths {chaos, *Contam
                  | Str+2 Int+9 Dex+2} (You found it on level 10 of the
                  | Dungeon)
 10506 | D:10     | Reached skill level 1 in Short Blades
 10509 | D:10     | Reached skill level 10 in Armour
 10667 | D:10     | Noticed a fire dragon
 10682 | D:10     | Killed a fire dragon
 11438 | Lair:1   | Entered Level 1 of the Lair of Beasts
 11448 | Lair:1   | Reached XP level 12. HP: 106/106 MP: 11/11
 11707 | D:9      | Bought an uncursed amulet of regeneration for 390 gold
                  | pieces
 11771 | Lair:1   | Reached skill level 1 in Stealth
 11786 | Lair:1   | Received a gift from Trog
 11829 | Lair:1   | Got a pair of translucent boots
 11835 | Lair:1   | Identified the cursed +0 pair of boots "Ilyrr" {+Blink
                  | Str+2} (You found it on level 1 of the Lair of Beasts)
 12039 | Lair:1   | Noticed a six-headed hydra
 12048 | Lair:1   | Killed a six-headed hydra
 12048 | Lair:1   | Reached skill level 5 in Short Blades
 12493 | Lair:2   | Lost mutation: You are occasionally teleported next to
                  | monsters. [potion of mutation]
 12493 | Lair:2   | Lost mutation: Scrolls take you a little longer to read.
                  | [potion of mutation]
 12493 | Lair:2   | Lost mutation: Your mind is acute. (Int +2) [potion of
                  | mutation]
 12493 | Lair:2   | Lost mutation: You have sharp toenails. [potion of
                  | mutation]
 12493 | Lair:2   | Gained mutation: You have large cloven feet. [potion of
                  | mutation]
 12493 | Lair:2   | Gained mutation: Your flesh is heat resistant. (rF+)
                  | [potion of mutation]
 12493 | Lair:2   | Gained mutation: You are partially covered in thin metallic
                  | scales. (AC +2) [potion of mutation]
 12493 | Lair:2   | Gained mutation: You have sharp fingernails. [potion of
                  | mutation]
 13238 | Lair:3   | Reached skill level 10 in Fighting
 13285 | Lair:3   | Noticed Gastronok
 13303 | Lair:3   | Killed Gastronok
 13321 | Lair:3   | Found a staircase to the Shoals.
 13627 | Lair:3   | Reached XP level 13. HP: 114/114 MP: 12/12
 13637 | Lair:3   | Found a hole to the Spider Nest.
 14701 | Lair:5   | Received a gift from Trog
 15329 | Lair:6   | Entered Level 6 of the Lair of Beasts
 15374 | Lair:6   | Found a runed translucent door.
 15374 | Lair:6   | Found a viscous altar of Jiyva.
 15374 | Lair:6   | Found a staircase to the Slime Pits.
 15374 | Lair:6   | Noticed an acid blob
 15374 | Lair:6   | Noticed an acid blob
 15389 | Lair:6   | Reached skill level 5 in Throwing
 15393 | Lair:6   | Reached skill level 5 in Dodging
 15696 | Lair:6   | Reached skill level 15 in Shields
 15744 | Lair:6   | Noticed a spark wasp
 15744 | Lair:6   | a six-headed hydra changed into a spark wasp
 15746 | Lair:6   | Killed a spark wasp
 15934 | Lair:6   | Reached ****** piety under Trog
 15939 | Lair:6   | Received a gift from Trog
 15939 | Lair:6   | Reached XP level 14. HP: 122/122 MP: 13/13
 16048 | Lair:6   | Got an ancient hand crossbow
 16059 | Lair:6   | Got a translucent hand axe
 16060 | Lair:6   | Identified the +9 hand axe of Ciwiel {protect, Str+7 Int+6}
                  | (You found it on level 6 of the Lair of Beasts)
 16152 | Lair:6   | Gained mutation: You are occasionally teleported next to
                  | monsters. [mutagenic glow]
 16382 | Lair:6   | Identified the +9 hand crossbow "Tucis" {velocity, rF++}
                  | (You found it on level 6 of the Lair of Beasts)
 16980 | D:11     | You fall through a shaft for 2 floors!
 16980 | D:13     | Found a sparkling altar of Nemelex Xobeh.
 17054 | D:13     | Reached skill level 11 in Fighting
 17147 | D:12     | Found a staircase to the Orcish Mines.
 17265 | D:12     | Received a gift from Trog
 17411 | D:12     | Reached skill level 1 in Crossbows
 17653 | D:12     | Found an iron altar of Okawaru.
 18067 | D:11     | Noticed Fannar
 18085 | D:11     | Killed Fannar
 18640 | D:11     | Got a twisted scimitar
 18642 | D:11     | Identified the +6 scimitar of Peril {holy, +Blink rC-
                  | Stlth+} (You found it on level 11 of the Dungeon)
 18652 | D:11     | Got a smoking garnet amulet
 18654 | D:11     | Identified the amulet of Oplithaf {Reflect rN+ SH+3} (You
                  | acquired it on level 11 of the Dungeon)
 18751 | Orc:1    | Entered Level 1 of the Orcish Mines
 18751 | Orc:1    | Found a frozen archway.
 18759 | Orc:1    | Received a gift from Trog
 18826 | IceCv    | Entered an ice cave
 18827 | IceCv    | Found a transporter.
 18861 | IceCv    | Found the +8 autumn katana {slice, Clar}
 18861 | IceCv    | Found a transporter.
 19132 | Orc:2    | Entered Level 2 of the Orcish Mines
 19142 | Orc:2    | Reached skill level 5 in Crossbows
 19546 | Orc:2    | Found a roughly hewn altar of Beogh.
 19676 | Orc:2    | Found Hyusopt's Jewellery Boutique.
 19712 | Orc:2    | Found Qixanim's Weapon Shop.
 19876 | Orc:2    | Received a gift from Trog
 20059 | Orc:2    | Found a staircase to the Elven Halls.
 20122 | Orc:2    | Identified the Guide on Clay and the Entourage
 20240 | Orc:2    | Noticed an orc warlord
 20263 | Orc:2    | Reached XP level 15. HP: 132/132 MP: 14/14
 20270 | Orc:2    | Killed an orc warlord
 20285 | Orc:2    | Found a roughly hewn altar of Beogh.
 20309 | Orc:2    | Found Popuin's Food Boutique.
 20410 | Orc:2    | Reached skill level 12 in Fighting
 20559 | Orc:2    | Received a gift from Trog
 20591 | Orc:2    | Found Ostropnu's Book Shoppe.
 21461 | D:5      | Fell from the grace of Trog
 21461 | D:5      | Became a worshipper of Makhleb the Destroyer
 22192 | D:14     | Reached skill level 1 in Evocations
 22244 | D:14     | Reached * piety under Makhleb
 22956 | D:14     | Identified the +4 hunting sling of Broken Luck {velocity,
                  | *Corrode rC++ MR++}
 22963 | D:14     | Reached ** piety under Makhleb
 23054 | D:14     | Found a gate to the Vaults.
 23320 | D:15     | Entered Level 15 of the Dungeon
 23563 | D:15     | Found Ynwaam's Magic Scroll Emporium.
 23612 | D:15     | Reached skill level 13 in Fighting
 23648 | D:15     | Reached *** piety under Makhleb
 23669 | D:15     | Found a staircase to the Depths.
 24714 | Spider:1 | Entered Level 1 of the Spider Nest
 24730 | Spider:1 | Noticed a ghost moth
 24743 | Spider:1 | Killed a ghost moth
 24743 | Spider:1 | Reached XP level 16. HP: 144/144 MP: 1/15
 24768 | Spider:1 | Noticed Azrael
 24786 | Spider:1 | Killed Azrael
 24992 | Spider:1 | Reached **** piety under Makhleb
 25310 | Spider:1 | Noticed Agnes
 25317 | Spider:1 | Killed Agnes
 25322 | Spider:1 | Noticed Rupert
 25337 | Spider:1 | Killed Rupert
 25337 | Spider:1 | Reached skill level 5 in Long Blades
 25343 | Spider:1 | Noticed Kirke
 25355 | Spider:1 | Killed Kirke
 25658 | Spider:2 | Got a slimy iron ring
 25660 | Spider:2 | Identified the ring "Uteut" {rPois Dex+3} (You found it on
                  | level 2 of the Spider Nest)
 25741 | Spider:2 | Reached ***** piety under Makhleb
 25818 | Spider:2 | Paralysed by Trog for 4 turns
 25953 | Spider:2 | Reached skill level 14 in Fighting
 26482 | Spider:2 | Reached skill level 10 in Crossbows
 27984 | Spider:4 | Entered Level 4 of the Spider Nest
 28006 | Spider:4 | Reached XP level 17. HP: 131/149 MP: 16/16
 28178 | Spider:4 | Reached ****** piety under Makhleb
 28925 | Spider:4 | Reached skill level 15 in Fighting
 29144 | Spider:4 | Got a gossamer rune of Zot
 29357 | Lair:3   | Upgraded the game from 0.23-b1-6-ga921848 to
                  | 0.23-b1-58-ge3fafae
 29409 | Shoals:1 | Entered Level 1 of the Shoals
 29444 | Shoals:1 | Found Boreres's Distillery.
 30336 | Shoals:2 | Found a transporter.
 30336 | Shoals:2 | Found a transporter.
 30358 | Shoals:2 | Identified the +6 trident of Videm {antimagic, *Corrode
                  | Dex+3}
 30369 | Shoals:2 | Found a bloodstained altar of Trog.
 30383 | Shoals:2 | Noticed Kairos's ghost (journeyman VSFi)
 30422 | Shoals:2 | Identified the +6 demon trident of Grandeur {antimagic,
                  | Str+3}
 30492 | Shoals:2 | Killed Kairos's ghost
 30785 | Shoals:2 | Noticed a kraken
 30804 | Shoals:2 | Killed a kraken
 30804 | Shoals:2 | Reached skill level 1 in Invocations
 31072 | Shoals:2 | Reached XP level 18. HP: 165/165 MP: 18/18
 31874 | Shoals:4 | Entered Level 4 of the Shoals
 32003 | Shoals:4 | Reached skill level 10 in Long Blades
 32221 | Shoals:4 | Identified the +2 pair of gloves "Xuuntib" {*Contam Int+4}
                  | (You found it on level 4 of the Shoals)
 32473 | Shoals:4 | Reached skill level 16 in Fighting
 32601 | Shoals:4 | Reached skill level 15 in Axes
 32886 | Shoals:4 | Got a barnacled rune of Zot
 33370 | Elf:1    | Entered Level 1 of the Elven Halls
 33698 | Elf:1    | Identified the Guide on Companions
 33833 | Elf:1    | Found an ancient bone altar of Kikubaaqudgha.
 34161 | Elf:1    | Found a large runed translucent door.
 34161 | Elf:1    | Found a large runed translucent door.
 34162 | Elf:1    | Noticed agentgt's ghost (adept HuVM)
 34185 | Elf:1    | Killed agentgt's ghost
 34806 | Vaults:1 | Entered Level 1 of the Vaults
 34826 | Vaults:1 | Was forgiven by Trog
 35083 | Vaults:1 | Found Mefop's Gadget Shoppe.
 35228 | Vaults:1 | Reached XP level 19. HP: 174/174 MP: 19/19
 36173 | Vaults:1 | Upgraded the game from 0.23-b1-58-ge3fafae to
                  | 0.23-b1-67-g8bd44de
 36444 | Vaults:2 | Reached skill level 17 in Fighting
 36639 | Vaults:2 | Noticed Mara
 36660 | Vaults:2 | Killed Mara
 36940 | Vaults:2 | Noticed Boris
 36969 | Vaults:2 | Killed Boris
 37734 | Vaults:2 | Reached XP level 20. HP: 177/187 MP: 20/20
 38057 | Vaults:3 | Reached skill level 18 in Fighting
 38371 | Vaults:3 | Found a large runed translucent door.
 38371 | Vaults:3 | Found a large runed translucent door.
 38371 | Vaults:3 | Noticed MackTheFife's ghost (veteran HOGl)
 38387 | Vaults:3 | Noticed Turgon's ghost (adept DrMo)
 38983 | Vaults:3 | Found a white marble altar of Elyvilon.
 39146 | Vaults:3 | Found a staircase to the Crypt.
 39729 | Elf:2    | Reached skill level 15 in Armour
 39785 | Elf:2    | Found a huge runed translucent gate.
 39785 | Elf:2    | Found a huge runed translucent gate.
 39785 | Elf:2    | Found a huge runed translucent gate.
 39786 | Elf:2    | Found a huge runed translucent gate.
 39787 | Elf:2    | Found a huge runed translucent gate.
 40441 | Elf:3    | Entered Level 3 of the Elven Halls
 40444 | Elf:3    | Found a magical portal.
 40521 | WizLab   | Entered Wucad Mu's Monastery
 40685 | WizLab   | Found the +9 staff of Wucad Mu {channel}
 40755 | WizLab   | Reached skill level 19 in Fighting
 40755 | WizLab   | Reached XP level 21. HP: 198/198 MP: 22/22
 40829 | Elf:3    | Lost mutation: You are occasionally teleported next to
                  | monsters. [potion of mutation]
 40829 | Elf:3    | Lost mutation: You have large cloven feet. [potion of
                  | mutation]
 40829 | Elf:3    | Lost mutation: Your flesh is heat resistant. (rF+) [potion
                  | of mutation]
 40829 | Elf:3    | Gained mutation: Your system is resistant to poisons.
                  | (rPois) [potion of mutation]
 40829 | Elf:3    | Gained mutation: Scrolls take you a little longer to read.
                  | [potion of mutation]
 40829 | Elf:3    | Gained mutation: You have sharp toenails. [potion of
                  | mutation]
 40830 | Elf:3    | Lost mutation: Your system is resistant to poisons. (rPois)
                  | [potion of mutation]
 40830 | Elf:3    | Lost mutation: You have sharp toenails. [potion of
                  | mutation]
 40830 | Elf:3    | Lost mutation: You have sharp fingernails. [potion of
                  | mutation]
 40830 | Elf:3    | Gained mutation: You are frail. (-10% HP) [potion of
                  | mutation]
 40830 | Elf:3    | Gained mutation: You have large cloven feet. [potion of
                  | mutation]
 40831 | Elf:3    | Lost mutation: Scrolls take you a little longer to read.
                  | [potion of mutation]
 40831 | Elf:3    | Lost mutation: You have large cloven feet. [potion of
                  | mutation]
 40831 | Elf:3    | Lost mutation: You are frail. (-10% HP) [potion of
                  | mutation]
 40831 | Elf:3    | Lost mutation: You are partially covered in thin metallic
                  | scales. (AC +2) [potion of mutation]
 40831 | Elf:3    | Gained mutation: Your mind is acute. (Int +2) [potion of
                  | mutation]
 40831 | Elf:3    | Gained mutation: You are resistant to hostile enchantments.
                  | (MR+) [potion of mutation]
 40853 | Elf:3    | Found Jacvyimp's Distillery.
 41045 | Elf:3    | Reached XP level 22. HP: 206/206 MP: 23/23
 41354 | Elf:3    | Identified the +3 leather armour of the Forsaken Places
                  | {rC- MR++ MP+9} (You found it on level 3 of the Elven
                  | Halls)
 41437 | Elf:3    | Found the amulet of the Four Winds {rN+ MR+++ Clar}
 41448 | Elf:3    | Identified the cursed +0 ring mail "Muaceqir" {MP+9 Slay+2}
                  | (You found it on level 3 of the Elven Halls)
 41464 | Elf:3    | Got a slimy turquoise ring
 41466 | Elf:3    | Identified the ring "Enwoet" {rPois Int+3 Stlth+} (You
                  | found it on level 3 of the Elven Halls)
 41478 | Elf:3    | Got a slimy long sword
 41479 | Elf:3    | Identified the +5 long sword of Arrival {drain, rPois
                  | Dex+10} (You found it on level 3 of the Elven Halls)
 41518 | Elf:3    | Got a faintly glowing cloak
 41519 | Elf:3    | Identified the +2 cloak "Xuewedepn" {Int+3} (You found it
                  | on level 3 of the Elven Halls)
 41531 | Elf:3    | Identified Zivaysm's Disquisition on Destructive Dark Magic
 41541 | Elf:3    | Reached skill level 20 in Fighting
 41643 | Elf:3    | Identified the amulet "Neuckan" {Harm *Drain Int+5}
 41747 | Elf:3    | Identified the Reference Book on Enhancements and Cold
 41767 | Elf:3    | Identified the cursed +0 leather armour of the Turtle {rC+}
                  | (You found it on level 3 of the Elven Halls)
 41769 | Elf:3    | Identified the +2 leather armour of the Commoners {Str-4
                  | Dex+3} (You found it on level 3 of the Elven Halls)
 42038 | Elf:3    | Noticed Roxanne
 42052 | Elf:3    | Killed Roxanne
 42605 | Slime:1  | Entered Level 1 of the Pits of Slime
 42937 | Slime:4  | Lost mutation: Your mind is acute. (Int +2) [a shining eye]
 42955 | Slime:4  | Learned a level 3 spell: Regeneration
 43127 | Slime:5  | Entered Level 5 of the Pits of Slime
 43301 | Slime:5  | Reached skill level 21 in Fighting
 43395 | Slime:5  | Paralysed by a floating eye for 2 turns
 43412 | Slime:5  | Noticed the Royal Jelly
 43422 | Slime:5  | Killed the Royal Jelly
 43445 | Slime:5  | Reached XP level 23. HP: 112/221 MP: 24/24
 43536 | Slime:5  | Identified the Almanac of Harmful Weightlessness
 43555 | Slime:5  | Found the +3 crown of Dyrovepreva {rElec Int+2 SInv}
 43599 | Slime:5  | Got a slimy rune of Zot
 43611 | Slime:5  | Identified the +8 trident of the Owl {pierce, Int+4} (You
                  | found it on level 5 of the Pits of Slime)
 43625 | Slime:5  | Identified the Volume of Dusty Boosts
 43643 | Slime:5  | Got a spiked plate armour
 43644 | Slime:5  | Identified the +1 plate armour of Nofing {-Cast rPois
                  | Int+3} (You found it on level 5 of the Pits of Slime)
 43760 | Slime:5  | Identified the +0 leather armour of Prudence {rPois} (You
                  | found it on level 5 of the Pits of Slime)
 44352 | Vaults:4 | Found a ruined gateway.
 44360 | Vaults:4 | Reached skill level 22 in Fighting
 44375 | Desolati | Entered the Desolation of Salt
 44479 | Desolati | Identified the Tome of Cold and Good Luck
 44723 | Desolati | Identified Tainuepu's Tome of Earthen Feathers
 44725 | Desolati | Identified Dizxi's Compendium of Warped Weightlessness
 44759 | Desolati | Identified the cursed +0 ring mail "Okhefu Itsutt" {Slay+2}
                  | (You found it in the Desolation of Salt)
 44762 | Desolati | Identified Ovulagex's Compendium of Air
 45223 | Desolati | Identified the +6 longbow of Hard Scrabble {venom, rPois}
                  | (You found it in the Desolation of Salt)
 45294 | Desolati | Identified Sif Muna's Almanac of Displacement and
                  | Augmentations
 46706 | Vaults:5 | Entered Level 5 of the Vaults
 46737 | Vaults:5 | Reached skill level 23 in Fighting
 46745 | Vaults:5 | Reached XP level 24. HP: 143/235 MP: 24/24
 46766 | Vaults:5 | Noticed an ancient lich
 46783 | Vaults:5 | Killed an ancient lich
 46807 | Vaults:4 | Reached skill level 10 in Dodging
 47245 | Vaults:5 | Learned a level 1 spell: Apportation
 47336 | Vaults:5 | Reached skill level 1 in Spellcasting
 47347 | Vaults:5 | Reached skill level 1 in Necromancy
 47348 | Vaults:5 | Reached skill level 1 in Charms
 47636 | Vaults:5 | Identified the ring "Titem" {rN+ SInv}
 47882 | Vaults:5 | Reached skill level 24 in Fighting
 48357 | Vaults:5 | Identified the +5 glaive of the Snake Pit {drain, MR+}
 48364 | Vaults:5 | Reached skill level 1 in Translocations
 48387 | Vaults:5 | Reached XP level 25. HP: 151/247 MP: 25/25
 48477 | Vaults:5 | Got a silver rune of Zot
 48520 | Vaults:5 | Identified the +5 scale mail "Uny Kipn" {MP+9} (You found
                  | it on level 5 of the Vaults)
 48826 | Vaults:5 | Learned a level 1 spell: Infusion
 48922 | Crypt:1  | Entered Level 1 of the Crypt
 50117 | Crypt:2  | Identified the +0 robe of Badum {+Inv MR++ Dex-2 SInv} (You
                  | found it on level 2 of the Crypt)
 50145 | Crypt:2  | Noticed Boris
 50155 | Crypt:2  | Killed Boris
 50819 | Crypt:2  | Found an ancient bone altar of Kikubaaqudgha.
 50883 | Crypt:2  | Reached skill level 25 in Fighting
 51120 | Crypt:3  | Entered Level 3 of the Crypt
 51456 | Crypt:3  | Noticed an ancient lich
 51511 | Crypt:3  | Killed an ancient lich
 51547 | Crypt:3  | Got an ancient bronze ring
 51549 | Crypt:3  | Identified the ring of the Ladybird {Ice rN++ Str+7 Int-2}
                  | (You found it on level 3 of the Crypt)
 51561 | Crypt:3  | Got a translucent mace
 51562 | Crypt:3  | Identified the cursed +2 mace "Evobbix" {crush, *Drain rC-
                  | Str+8 Dex+10} (You found it on level 3 of the Crypt)
 51641 | Crypt:3  | Identified the Tome of Helpful Moulding
 52005 | Crypt:3  | Found a staircase to the Tomb.
 52985 | Depths:1 | Entered Level 1 of the Depths
 53080 | Depths:1 | Found a large runed translucent door.
 53083 | Depths:1 | Reached XP level 26. HP: 256/256 MP: 28/28
 53086 | Depths:1 | Found a large runed translucent door.
 53101 | Depths:1 | Noticed strongu's ghost (adept OpFi)
 53159 | Depths:1 | Found a hazy altar of Hepliaklqana.
 53202 | Depths:1 | Reached skill level 5 in Necromancy
 53364 | Depths:1 | Found a one-way gate to the infinite horrors of the Abyss.
 53366 | Depths:1 | You fall through a shaft!
 53465 | Depths:2 | Learned a level 5 spell: Aura of Abjuration
 53506 | Depths:2 | Found a portal to a secret trove of treasure.
 53653 | Depths:2 | Found a gateway to Hell.
 53676 | Depths:2 | Identified the +3 ring mail of Satisfaction {Dex+2} (You
                  | found it on level 2 of the Depths)
 53755 | Depths:2 | Reached skill level 26 in Fighting
 53820 | Depths:2 | Reached skill level 1 in Summonings
 54078 | Depths:2 | Found a corrupted altar of Lugonu.
 54529 | Depths:1 | Found a gateway to a ziggurat.
 54865 | Depths:1 | Killed strongu's ghost
 55261 | Depths:3 | Reached skill level 5 in Charms
 55465 | Depths:3 | Identified the ring of Reat Vaceon {rElec rF+ Str+2 Int+4
                  | Dex-2}
 55475 | Depths:3 | Noticed an ancient lich
 55487 | Depths:3 | Killed an ancient lich
 55487 | Depths:3 | Reached skill level 5 in Spellcasting
 55531 | Depths:3 | You fall through a shaft for 2 floors!
 55531 | Depths:5 | Entered Level 5 of the Depths
 55531 | Depths:5 | Found a gate to the Realm of Zot.
 55533 | Depths:5 | Noticed a juggernaut
 55643 | Depths:3 | Found a one-way gate leading to the halls of Pandemonium.
 55651 | Depths:3 | Reached skill level 27 in Fighting
 55802 | Depths:3 | Reached XP level 27. HP: 237/273 MP: 30/30
 55873 | Depths:3 | Found Naoreupemp's Weapon Shoppe.
 56658 | Depths:3 | Found Zuofreid's Jewellery Shoppe.
 56660 | Depths:3 | Found Coikes's Book Emporium.
 56699 | Depths:3 | Got a scorched bronze ring
 56702 | Depths:3 | Identified the ring of Dithmenos's Hope {rCorr MR+} (You
                  | found it on level 3 of the Depths)
 56881 | Depths:3 | Noticed Xtahua
 56894 | Depths:3 | Killed Xtahua
 57468 | Depths:4 | Found Tovysepo's Gadget Shoppe.
 57468 | Depths:4 | Found Juipti's Jewellery Boutique.
 57469 | Depths:4 | Found Nuofupp's Jewellery Boutique.
 57805 | Depths:4 | Got an ancient morningstar
 57806 | Depths:4 | Identified the +10 morningstar of the Enemy {flame, rPois
                  | Str+4 Stlth+} (You found it on level 4 of the Depths)
 57955 | Depths:5 | Killed a juggernaut
 58216 | Depths:5 | Found a snail-covered altar of Cheibriados.
 58691 | Depths:4 | Voluntarily entered the Abyss.
 58919 | Abyss:2  | Found a corrupted altar of Lugonu.
 59070 | Abyss:2  | Found a corrupted altar of Lugonu.
 59086 | Abyss:3  | Found a shadowy altar of Dithmenos.
 59215 | Abyss:5  | Entered Level 5 of the Abyss
 59299 | Abyss:5  | Gained mutation: You are extremely frail. (-30% HP) [a
                  | neqoxec]
 59403 | Abyss:5  | Blown up by a lich

Skill      XL: |  1  2  3  4  5  6  7  8  9 10 11 12 13 14 15 16 17 18 19 20 21 22 23 24 25 26 27 |
---------------+----------------------------------------------------------------------------------+-----
Armour         | 4 5 6 7 9 10 11 12 13 14 15 16 17 | 17.4
Axes           | 3 4 5 7 8 11 12 13 14 15 16 17 18 19 20 21 22 | 22.0
Shields        | 4 5 6 7 8 10 12 13 15 16 17 18 19 20 21 22 23 24 25 | 25.6
Fighting       | 4 5 6 7 9 10 11 13 14 15 16 17 19 21 23 24 25 27 | 27.0
Dodging        | 1 2 3 4 5 6 7 8 9 10 11 12 13 | 13.1
Long Blades    | 1 2 4 7 9 11 12 13 | 13.8
Throwing       | 2 4 6 7 |  7.1
Short Blades   | 4 7 9 |  9.8
Stealth        | 1 3 4 |  4.4
Crossbows      | 6 8 10 11 12 13 | 13.9
Evocations     | 1 2 3 |  3.0
Invocations    | 1 2 4 |  4.0
Spellcasting   | 2 4 5 6 |  6.6
Necromancy     | 2 4 6 7 |  7.0
Charms         | 2 4 5 6 |  6.2
Translocations | 1 3 4 |  4.2
Summonings     | 3 4 |  4.7

Action                   |  1- 3 |  4- 6 |  7- 9 | 10-12 | 13-15 | 16-18 | 19-21 | 22-24 | 25-27 || total
-------------------------+-------+-------+-------+-------+-------+-------+-------+-------+-------++-------
Melee: War axe           |    82 |   101 |   408 |   333 |       |       |       |       |       ||   924
       Headbutt          |    10 |    17 |    76 |   197 |   478 |   453 |   257 |   297 |   433 ||  2218
       Scimitar          |       |       |       |    11 |     4 |       |       |       |       ||    15
       Short sword       |       |       |       |   281 |   392 |       |       |       |       ||   673
       Kick              |       |       |       |    72 |       |       |       |       |       ||    72
       Hand axe          |       |       |       |    32 |   783 |   444 |   127 |     2 |       ||  1388
       Katana            |       |       |       |       |    52 |   611 |   363 |   240 |   215 ||  1481
       Hand crossbow     |       |       |       |       |     6 |       |       |     7 |       ||    13
       Broad axe         |       |       |       |       |       |    92 |   189 |   584 |  1026 ||  1891
       Long sword        |       |       |       |       |       |       |       |    31 |       ||    31
       Demon blade       |       |       |       |       |       |       |       |       |    13 ||    13
 Fire: Hand crossbow     |       |       |       |       |   398 |   615 |   424 |   441 |   411 ||  2289
Throw: Tomahawk          |       |       |       |    87 |   112 |     7 |       |       |       ||   206
       Javelin           |       |       |       |       |       |    13 |     6 |     1 |    15 ||    35
 Cast: Infusion          |       |       |       |       |       |       |       |       |    20 ||    20
       Regeneration      |       |       |       |       |       |       |       |       |     7 ||     7
Invok: Berserk           |       |     3 |     2 |     7 |     1 |       |       |       |       ||    13
       Minor Destruction |       |       |       |       |       |    20 |       |       |       ||    20
 Abil: Evoke Flight      |       |       |       |     4 |     2 |    23 |     1 |       |       ||    30
       Evoke Blink       |       |       |       |       |       |     1 |       |     1 |       ||     2
Evoke: Wand              |       |       |     1 |       |       |     1 |       |     1 |     4 ||     7
  Use: Potion            |       |       |     1 |    12 |     3 |     8 |     4 |     6 |     5 ||    39
       Scroll            |       |       |       |    22 |    10 |    16 |     4 |    18 |    11 ||    81
 Stab: Petrified         |       |       |       |     2 |     8 |       |       |       |     3 ||    13
       Paralysed         |       |       |       |       |     4 |       |       |       |       ||     4
       Confused          |       |       |       |       |     1 |       |       |       |     1 ||     2
       Held in net/web   |       |       |       |       |       |     1 |       |       |       ||     1
       Distracted        |       |       |       |       |       |       |       |     2 |       ||     2
       Petrifying        |       |       |       |       |       |       |       |       |     3 ||     3
  Eat: Chunk             |       |    11 |    17 |    25 |    31 |    31 |    15 |    17 |    11 ||   158
       Ration            |       |       |       |     3 |     2 |     2 |     1 |     2 |     8 ||    18
Armor: Scale mail        |    28 |    41 |    52 |       |       |       |       |       |       ||   121
       Chain mail        |       |       |    97 |   119 |   282 |   530 |   172 |   378 |   367 ||  1945
       Plate armour      |       |       |       |    62 |       |       |       |       |       ||    62
Dodge: Dodged            |    15 |    47 |    84 |   109 |   291 |   539 |   197 |   385 |   597 ||  2264
Block: Shield            |    36 |    78 |    68 |   289 |  1082 |  1603 |   629 |  1114 |  1513 ||  6412
       Large shield      |       |       |   227 |   360 |       |       |       |       |       ||   587
       Reflection        |       |       |       |     8 |    58 |   101 |    95 |    88 |    81 ||   431
       Rpst.: Katana     |       |       |       |       |     1 |    27 |    14 |     4 |     2 ||    48
